Match 46474664
Unlisted

Match 46474664
End
Pioneer Squad
Construct Infanterie Kompanie
Selects Terror Battlegroup
Grenadier Squad
MG 42 Machine Gun Team
Grenadier Squad
MG 42 Machine Gun Team
Selects Machine Gun Camouflage
Construct Luftwaffe Kompanie
Flak 30 Anti-aircraft Gun Team
Jäger Squad
Medical Bunker
Support Elements
Wirbelwind Flakpanzer
Jäger Squad
Selects No Quarter
Jäger Squad
Marder III M Tank Destroyer
Selects King Tiger Heavy Tank
Pioneer Squad
Selects Contempt for the Weak
King Tiger Heavy Tank
Pioneer Squad
Pioneer Squad
Selects Propaganda Leaflet Drop
Construct Infanterie Kompanie
Propaganda Leaflet Drop
UMirinBrah?
Barbarossa
0
0

Comments sign in to comment!

No comments posted yet!